 Dungeon Crawl Stone Soup version 0.18-a0-1105-ge9caa06 (webtiles) character file.

1005 Arkorax the Spear-Bearer (level 8, -8/67 HPs)
             Began as a Merfolk Gladiator on Jan 16, 2016.
             Was an Initiate of Makhleb.
             Killed by divine providence
             ... invoked by an orc priest
              (10 damage)
             ... on level 5 of the Dungeon.
             The game lasted 00:07:09 (5461 turns).

Arkorax the Spear-Bearer (Merfolk Gladiator)        Turns: 5461, Time: 00:07:10

Health: -8/67      AC: 11    Str: 17    XL:     8   Next: 20%
Magic:  8/8        EV:  8    Int:  7    God:    Makhleb [......]
Gold:   319        SH:  0    Dex: 15    Spells: 0 memorised, 7 levels left

rFire  . . .     SeeInvis .     C - +0 halberd
rCold  . . .     Gourm    .     D - +0 chain mail
rNeg   . . .     Faith    .     (shield currently unavailable)
rPois  +         Spirit   .     G - +0 helmet (curse)
rElec  .         Dismiss  .     F - +0 cloak
rCorr  .         Reflect  .     y - +0 pair of gloves
SustAt .         Harm     .     (no boots)
MR     .....                    (no amulet)
Stlth  ..........               (no ring)
                                v - ring of poison resistance

@: drained, not resistant to hostile enchantments, extremely unstealthy
A: change form in water, swift swim
a: Renounce Religion


You were on level 5 of the Dungeon.
You worshipped Makhleb.
Makhleb was noncommittal.
You were not hungry.

You visited 1 branch of the dungeon, and saw 5 of its levels.

You collected 319 gold pieces.

Inventory:

Hand Weapons
 a - a +0 trident
 C - a +0 halberd (weapon)
Missiles
 d - 3 throwing nets (quivered)
Armour
 y - a +0 pair of gloves (worn)
 D - a +0 chain mail (worn)
 F - a +0 cloak (worn)
 G - a cursed +0 helmet (worn)
Jewellery
 v - a ring of poison resistance (left hand)
Wands
 e - a wand of fire (4/15)
Scrolls
 i - 2 scrolls of fog {unknown}
 j - 3 scrolls of recharging {unknown}
 l - a scroll of identify {unknown}
 m - a scroll of amnesia {unknown}
 n - a scroll of random uselessness {unknown}
 o - 6 scrolls of remove curse {unknown}
 p - a scroll of noise {unknown}
 u - 5 scrolls of teleportation {unknown}
 x - 2 scrolls of magic mapping {unknown}
 J - a scroll of enchant weapon {unknown}
Potions
 b - a potion of invisibility {unknown}
 q - a potion of agility {unknown}
 s - a potion of magic {unknown}
 t - a potion of poison {unknown}
 w - a potion of lignification {unknown}
 z - a potion of mutation {unknown}
 A - a potion of flight {unknown}
 E - a potion of cure mutation {unknown}
 H - a potion of ambrosia {unknown}
 I - 2 potions of haste {unknown}
Books
 c - a book of Unlife

   Spells                             Type                      Level
   a - Recall                         Summoning/Translocation      3
   b - Animate Dead                   Necromancy                   4
   c - Control Undead                 Necromancy                   4
   d - Cigotuvi's Embrace             Necromancy                   5
   e - Death Channel                  Necromancy                   6
   f - Simulacrum                     Ice/Necromancy               6
Comestibles
 f - 2 bread rations
 g - a meat ration
 h - 3 fruits
 k - a beef jerky
 B - a slice of pizza


   Skills:
 + Level 7.5(7.0) Fighting
 + Level 10.2(9.7) Polearms
 - Level 2.0(1.5) Throwing
 - Level 4.0(3.5) Dodging


You had 7 spell levels left.
You didn't know any spells.

Dungeon Overview and Level Annotations

Branches:
Dungeon (5/15)
 Temple: D:4-7

Altars:
Cheibriados
Makhleb
Xom

Shops:
D:5 }


Message History

The orc priest hits you with a flail.
* * * LOW HITPOINT WARNING * * *
You are too injured to fight recklessly!
You are too injured to fight recklessly!
You are too injured to fight recklessly!
Drink which item? (? for menu, Esc to quit)
You feel better.
The orc priest calls down the wrath of Beogh upon you.
Something smites you!
* * * LOW HITPOINT WARNING * * *
The orc priest blocks your attack.
The orc priest is severely wounded.
The orc priest mumbles some strange prayers to Beogh against you.
Pain shoots through your body!
* * * LOW HITPOINT WARNING * * *
The orc priest blocks your attack.
The orc priest is severely wounded.
The orc priest mumbles some strange prayers to Beogh against you.
Something smites you!
You die...

###
...
#l#
#o#
#o#
###@#
#.).#
#)###
#.#
#.#
#.#
#.# .
#.#
#.
#.#
###
#.


You could see an orc priest, an orc and a giant gecko.

Vanquished Creatures
  The ghost of FIQ the Covered, an amateur HOMo (D:4)
  2 phantoms (D:4)
  A scorpion (D:4)
  A jelly (D:4)
  A quasit (D:5)
  An orc priest (D:5)
  3 orc wizards
  A centaur skeleton (D:4)
  4 hounds
  4 worker ants
  4 gnolls (D:3)
  6 adders
  An ooze (D:1)
  4 giant geckos
  13 orcs
  2 ball pythons
  8 bats
  6 giant cockroaches
  6 goblins
  8 hobgoblins
  6 jackals (D:2)
  3 quokkas
  7 giant newts
  13 kobolds
  2 rats
108 creatures vanquished.

Notes
Turn   | Place    | Note
--------------------------------------------------------------
     0 | D:1      | Arkorax the Merfolk Gladiator began the quest for the Orb.
     0 | D:1      | Reached XP level 1. HP: 16/16 MP: 1/1
    52 | D:1      | Reached XP level 2. HP: 20/23 MP: 2/2
   221 | D:1      | Reached skill level 5 in Polearms
   536 | D:1      | Reached XP level 3. HP: 27/29 MP: 3/3
  1018 | D:2      | Reached XP level 4. HP: 27/35 MP: 4/4
  1739 | D:3      | Found a shimmering altar of Xom.
  1906 | D:3      | Reached skill level 6 in Polearms
  1969 | D:3      | Reached XP level 5. HP: 38/42 MP: 5/5
  2750 | D:4      | Reached skill level 7 in Polearms
  2820 | D:4      | Noticed a phantom
  2865 | D:4      | Killed a phantom
  2865 | D:4      | Reached skill level 5 in Fighting
  2865 | D:4      | Reached XP level 6. HP: 8/51 MP: 6/6
  3171 | D:4      | Reached skill level 8 in Polearms
  3321 | D:4      | Noticed FIQ's ghost (amateur HOMo)
  3356 | D:4      | Killed FIQ's ghost
  3356 | D:4      | Reached XP level 7. HP: 36/58 MP: 7/7
  3883 | D:4      | Reached skill level 9 in Polearms
  4995 | D:4      | Found a burning altar of Makhleb.
  5009 | D:4      | Became a worshipper of Makhleb the Destroyer
  5121 | D:5      | Entered Level 5 of the Dungeon
  5130 | D:5      | Reached XP level 8. HP: 65/67 MP: 8/8
  5168 | D:5      | Found Jotraywa's Jewellery Emporium.
  5234 | D:5      | Found a snail-covered altar of Cheibriados.
  5264 | D:5      | Reached skill level 10 in Polearms
  5394 | D:5      | Found Wodurhex's Gadget Shop.
  5460 | D:5      | HP: 2/67 [orc priest/nerve-wracking pain (12)]
  5461 | D:5      | Killed from afar by an orc priest

Vault maps used:
D:1:      dpeg_arrival_rooms_a
D:3:      wad_lake_hut, overflow_temple_1_default, first_bread
D:4:      makhleb_heckhound_becter, lightli_corner_chamber
D:5:      overflow_temple_1_default, grunt_temple_overflow_open, serial_glass,
          glass_columns_b, glass_columns_b, serial_shops, shop, shop, shop, shop

Action                   |  1- 3 |  4- 6 |  7- 9 || total
-------------------------+-------+-------+-------++-------
Melee: Trident           |   117 |   103 |       ||   220
       Halberd           |       |   107 |   184 ||   291
Throw: Throwing net      |       |       |     2 ||     2
  Use: Potion            |       |       |     3 ||     3
 Stab: Held in net/web   |       |       |     1 ||     1
  Eat: Meat ration       |       |     1 |     1 ||     2
       Bread ration      |       |     1 |     1 ||     2
